 Dungeon Crawl Stone Soup version 0.30-a0-368-g86fb4627a9 (webtiles) character file.

Game seed: 4126263651857158425

188741 themarg the Devastator (level 17, -23/140 HPs)
             Began as a Pale Draconian Conjurer on Nov 17, 2022.
             Was the Champion of Vehumet.
             Annihilated by an alligator snapping turtle (106 damage)
             ... on level 4 of the Shoals on Nov 19, 2022.
             The game lasted 04:17:18 (43892 turns).

themarg the Devastator (Pale Draconian Conjurer)   Turns: 43892, Time: 04:17:19

Health: -23/140    AC: 17    Str:  9    XL:     17   Next: 92%
Magic:  25/35      EV:  2    Int: 31    God:    Vehumet [******]
Gold:   1621       SH:  0    Dex: 14    Spells: 5/44 levels left

rFire   + . .      SeeInvis +    b - staff of fire
rCold   . . .      Faith    .    X - +0 buckler
rNeg    . . .      Spirit   .    (body armour unavailable)
rPois   +          Reflect  .    V - +2 hat {SInv}
rElec   .          Harm     .    u - +0 cloak {rPois}
rCorr   .          Rampage  .    C - +2 pair of gloves
Will    .....                    d - +1 pair of boots
Stlth   +++.......               O - amulet of magic regeneration
HPRegen 0.43/turn                Q - +6 ring of intelligence
MPRegen 0.64/turn                y - ring of wizardry

@: sleeping, weak-willed, studying Polearms
A: breathe steam, AC +9, unfitting armour, cold-blooded, steam resistance, agile
1
a: Breathe Steam, Renounce Religion


You were on level 4 of the Shoals.
You worshipped Vehumet.
Vehumet was exalted by your worship.
You visited 6 branches of the dungeon, and saw 30 of its levels.
You also visited: Bailey and Ice Cave.

You collected 3400 gold pieces.
You spent 1779 gold pieces at shops.

Inventory:

Hand Weapons
 a - a +3 vampiric spear
Missiles
 J - 7 curare-tipped darts
 S - 3 poisoned darts
 U - 2 throwing nets
 W - 9 atropa-tipped darts
Armour
 d - a +1 pair of boots (worn)
 u - a +0 cloak of poison resistance (worn)
 C - a +2 pair of gloves (worn)
 V - a +2 hat of see invisible (worn)
 X - a +0 buckler (worn)
Magical Staves
 b - a staff of fire (weapon)
Jewellery
 p - a ring of willpower
 y - a ring of wizardry (right hand)
 G - a ring of positive energy
 O - an amulet of magic regeneration (around neck)
 Q - a +6 ring of intelligence (left hand)
 Z - a +6 ring of dexterity
Wands
 h - a wand of polymorph (26)
 k - a wand of paralysis (32)
 x - a wand of digging (17)
 F - a wand of acid (6) (quivered)
 L - a wand of mindburst (12)
 P - a wand of flame (6)
Scrolls
 c - 2 scrolls of brand weapon
 f - 2 scrolls of enchant weapon
 j - 3 scrolls of fear
 n - 8 scrolls of immolation
 o - 7 scrolls of fog
 r - a scroll of summoning
 s - 10 scrolls of teleportation
 w - 2 scrolls of blinking
 A - 2 scrolls of torment
 D - 5 scrolls of magic mapping
 E - 6 scrolls of poison
 H - 4 scrolls of vulnerability
 N - 3 scrolls of silence
Potions
 e - a potion of resistance
 g - 6 potions of attraction
 i - 8 potions of brilliance
 l - 3 potions of cancellation
 m - 11 potions of curing
 q - 6 potions of haste
 v - 3 potions of berserk rage {unknown}
 B - 7 potions of lignification
 I - 3 potions of ambrosia
 K - 6 potions of heal wounds
 M - a potion of mutation
 R - 3 potions of might
 T - 3 potions of flight
Miscellaneous
 t - a box of beasts (inert)
 z - a condenser vane
 Y - a lightning rod (4/4)


   Skills:
 - Level 10.0 Fighting
 - Level 8.9 Polearms
 - Level 10.0 Dodging
 - Level 4.3 Stealth
 - Level 5.0 Shields
 - Level 14.1 Spellcasting
 - Level 15.0 Conjurations
 - Level 4.2 Hexes
 - Level 7.0 Summonings
 - Level 5.0 Translocations
 - Level 3.4 Transmutations
 + Level 13.1 Fire Magic
 - Level 9.2 Air Magic
 - Level 3.6 Earth Magic
 - Level 11.0 Evocations


You had 5 spell levels left.
You knew the following spells:

 Your Spells              Type           Power      Damage    Failure   Level
a - Magic Dart            Conj           100%       1d8       0%          1
b - Searing Ray           Conj           100%       2d8       0%          2
c - Yara's Violent Unrav  Hex/Tmut       22%        3d10      1%          5
d - Iskenderun's Mystic   Conj/Tloc      71%        2d14      1%          4
e - Mephitic Cloud        Conj/Pois/Air  64%        N/A       1%          3
f - Flame Wave            Conj/Fire      100%       2d21      1%          4
g - Fireball              Conj/Fire      52%        3d20      1%          5
h - Spellforged Servitor  Conj/Summ      37%        N/A       3%          7
i - Lehudib's Crystal Sp  Conj/Erth      34%        10d9      34%         8

Your spell library contained the following spells:

 Spells                   Type           Power      Damage    Failure   Level
 Fire Storm               Conj/Fire      52%        8d13      58%         9
 Chain Lightning          Conj/Air       38%        3d51      80%         9
 Beastly Appendage        Tmut           86%        N/A       1%          1
 Freeze                   Ice            84%        1d9       1%          1
 Sandblast                Erth           88%        2d18      1%          1
 Slow                     Hex            100%       N/A       1%          1
 Sting                    Tmut/Pois      100%       1d8       1%          1
 Blink                    Tloc           100%       N/A       1%          2
 Call Imp                 Summ           60%        N/A       1%          2
 Cigotuvi's Dreadful Rot  Necr/Pois/Air  82%        N/A       1%          2
 Momentum Strike          Conj/Tloc      100%       3d10      1%          2
 Passwall                 Tmut/Erth      35%        N/A       1%          2
 Poisonous Vapours        Pois/Air       100%       N/A       1%          2
 Static Discharge         Conj/Air       100%       2-7/arc   1%          2
 Wereblood                Tmut           43%        N/A       1%          2
 Call Canine Familiar     Summ           60%        N/A       1%          3
 Confusing Touch          Hex            48%        N/A       1%          3
 Dazzling Flash           Conj/Hex       100%       N/A       1%          3
 Frozen Ramparts          Ice            42%        1d7       1%          3
 Gell's Gravitas          Tloc           52%        N/A       1%          3
 Hailstorm                Conj/Ice       62%        3d13      1%          3
 Kindle Blastsparks       Fire/Tloc/Air  100%       2d18      1%          3
 Lesser Beckoning         Tloc           100%       N/A       1%          3
 Portal Projectile        Hex/Tloc       100%       N/A       1%          3
 Spider Form              Tmut/Pois      32%        N/A       1%          3
 Stone Arrow              Conj/Erth      100%       3d13      1%          3
 Teleport Other           Tloc           52%        N/A       1%          3
 Vhi's Electric Charge    Tloc/Air       100%       N/A       1%          3
 Fulminant Prism          Conj/Hex       34%        3d15      1%          4
 Manifold Assault         Tloc           52%        N/A       1%          4
 Arcjolt                  Conj/Air       38%        1d48      1%          5
 Iskenderun's Battlesphe  Conj           86%        2d13      1%          5
 Lightning Bolt           Conj/Air       38%        1d57      1%          5
 Leda's Liquefaction      Hex/Erth       23%        N/A       2%          4
 Lee's Rapid Deconstruct  Erth           22%        3d12*     2%          5
 Ozocubu's Armour         Ice            21%        N/A       3%          3
 Vampiric Draining        Necr           21%        2d7       3%          3
 Olgreb's Toxic Radiance  Pois           21%        N/A       3%          4
 Animate Dead             Necr           21%        N/A       11%         4
 Metabolic Englaciation   Hex/Ice        17%        N/A       13%         5
 Borgnjor's Vile Clutch   Necr/Erth      16%        N/A       14%         5
 Conjure Ball Lightning   Conj/Air       38%        3x3d12    1%          6
 Orb of Destruction       Conj           43%        9d12      1%          7
 Statue Form              Tmut/Erth      28%        N/A       34%         6
 Storm Form               Tmut/Air       28%        N/A       52%         7
 Death Channel            Necr           10%        N/A       82%         6
 Simulacrum               Ice/Necr       10%        N/A       82%         6
 Shatter                  Erth           22%        3d19*     100%        9
 Animate Armour           Summ/Erth      Unusable   N/A       N/A         4

Dungeon Overview and Level Annotations

Branches:
Dungeon (15/15)            Temple (1/1) D:4            Lair (5/5) D:11
 Shoals (4/4) Lair:3       Spider (3/4) Lair:2        Slime (0/5) Lair:4
    Orc (2/2) D:9             Elf (0/3) Orc:2        Vaults (0/5) D:14
 Bailey (visited)           IceCv (visited)
 Depths: D:15

Altars:
Cheibriados
Dithmenos
Elyvilon
Fedhas
Gozag
Hepliaklqana
Kikubaaqudgha
Nemelex Xobeh
Okawaru
Qazlal
Ru
Sif Muna
Trog
Uskayaw
Vehumet
Xom
Yredelemnul
The Shining One

Shops:
D:2 [   D:3 *   D:4 *   D:11 ?   Orc:1 *   Orc:2 ![(*=

Annotations:
D:15 exclusion: fire dragon
Shoals:2 exclusion: downstairs
Orc:2 Azrael


Innate Abilities, Weirdness & Mutations

You can breathe blasts of scalding, opaque steam.
Your pale cyan-grey scales are hard. (AC +9)
You cannot fit into any form of body armour.
You are cold-blooded and may be slowed by cold attacks.
You are immune to the effects of steam.
You are agile. (Dex +4, Str/Int -1)


Message History

You kill the dream sheep!
Vehumet accepts your kill.
The mystic blast hits the dream sheep!
The dream sheep is severely wounded.
The dream sheep is knocked back by the mystic blast.
A manticore comes into view.
Casting: Iskenderun's Mystic Blast (safe; 1% risk of failure)
Confirm with . or Enter, or press ? or * to list all spells.
You summon a servant imbued with your destructive magic!
The faun shoots a sling bullet.
You block the sling bullet.
You open the lid... ...and a mature stingweird beast leaps out!
The box is emptied!
The water elemental completely misses you.
The faun shoots a sling bullet.
The sling bullet hits your mature stingweird beast!
Your spellforged servitor points at the water elemental and mumbles some strange words.
The crystal spear hits the water elemental!!!
You hear a shout!
Casting: Spellforged Servitor (dangerous; 3% risk of failure)
Confirm with . or Enter, or press ? or * to list all spells.
Aiming: Fireball (safe; 1% risk of failure)
Press: ? - help, Shift-Dir - straight line You feel a surge of power!
The fireball explodes!
The fireball engulfs the alligator snapping turtle!!!
The alligator snapping turtle is moderately wounded.
The fireball engulfs the water elemental!!!
The water elemental is burned terribly!
You destroy the water elemental!
Vehumet accepts your kill.
You feel your power returning.
The dream sheep ruffle their wool and motes of dream dust sparkle, to no effect.
The faun casts a spell at you.
Your mature stingweird beast easily resists.
The dream sheep shake their wool and sparkle.
You feel drowsy...
You fall asleep.
Your mature stingweird beast barely misses the faun.
The alligator snapping turtle bites you from afar!!!!
Ouch! That really hurt!
You die...

≈≈≈≈≈≈~..##..~~.#
≈≈≈≈≈≈~.(.....~..
≈≈≈≈≈≈~<.....~~.m
≈≈≈≈≈≈~...[cH.##
≈≈≈≈≈≈~..<.Yc#..
≈≈≈≈≈≈§..?~......
≈≈≈≈≈≈§.t†H.##...
≈≈≈≈≈≈§...9..####
≈≈≈≈≈≈~P@..Y..~'
≈≈≈≈≈≈~....$..~.
≈≈≈≈≈~.P#....~..
≈≈≈≈≈~..#...~~#.
≈≈≈≈≈~... ...~.
≈≈≈≈≈~~.. <..~#
≈≈≈≈≈~~~P ~~~#
≈≈≈≈≈~~~~~ ~~~~


You could see an alligator snapping turtle (ally target), 2 fauns, a manticore,
2 dream sheep, a friendly mature stingweird beast (summoned) and a friendly
spellforged servitor (summoned).

Vanquished Creatures
  Polyphemus (Shoals:2)
  A kraken (Shoals:4)
  Agnes (Spider:2)
  Roxanne (Spider:1)
  A ghost moth (Spider:1)
  3 broodmothers (Spider:3)
  A spark wasp (Spider:2)
  2 merfolk impalers (Shoals:3)
  Snorg (Lair:4)
  A merfolk javelineer (Shoals:2)
  A great orb of eyes (D:15)
  3 entropy weavers
  4 vault guards (D:14)
  6 hydras
  A radroach (Spider:3)
  An ogre mage (Orc:2)
  A catoblepas (Shoals:3)
  6 two-headed ogres
  2 centaur warriors
  A satyr (Shoals:3)
  A boulder beetle (Lair:4)
  3 merfolk avatars
  5 death yaks
  An orc high priest (Orc:1)
  Urug (Orc:2)
  Sonja (Lair:1)
  3 pharaoh ants
  2 skeletal warriors (D:14)
  2 orb spiders (Spider:3)
  2 steelbarb worms
  8 sea snakes
  A wizard (D:14)
  11 wolf spiders
  2 orc knights
  4 harpies
  7 ugly things
  3 deep elf pyromancers
  An oklob plant (Shoals:1)
  9 manticores
  5 orc sorcerers
  6 cyclopes
  12 fauns
  Maurice (D:8)
  2 moths of wrath
  6 black mambas
  5 elephants
  4 water nymphs
  5 merfolk sirens
  4 torpor snails
  Maggie (Lair:2)
  3 gargoyles
  9 komodo dragons
  5 large abominations (D:14)
  4 demonic crawlers
  5 rime drakes
  2 tengu conjurers (D:14)
  14 cane toads
  An efreet (D:15)
  A yaktaur (D:12)
  2 kobold demonologists
  14 merfolk
  3 meliai (Spider:2)
  6 polar bears
  2 trolls
  3 nameless horrors
  4 snapping turtles
  5 wind drakes
  A hornet (D:9)
  19 dream sheep
  22 blink frogs
  15 tarantellas
  8 jumping spiders
  3 slime creatures
  4 shadows
  2 vampires
  3 wyverns
  4 culicivoras
  3 water elementals
  5 wraiths
  63 yaks
  Grum (D:10)
  7 basilisks
  9 redbacks
  4 steam dragons
  2 death yak simulacra (IceCv)
  2 wargs
  15 water moccasins
  A hell hound (Orc:2)
  A hydra simulacrum (IceCv)
  2 acid dragons
  32 orc warriors
  2 black bears
  2 ice beasts (D:7)
  14 ogres
  12 wolves
  3 centaurs (D:14)
  3 phantoms
  Blork the orc (Orc:2)
  9 kobold brigands
  13 bullfrogs
  2 necrophages (D:5)
  7 scorpions
  8 wights
  7 small abominations (D:14)
  An elephant simulacrum (IceCv)
  6 killer bees (D:9)
  8 howler monkeys
  An electric eel (D:13)
  3 lava snakes (D:10)
  2 hounds (D:5)
  17 orc priests
  3 jellies
  A gnoll bouda (D:7)
  3 iguanas
  Natasha (thrice) (D:2)
  24 orc wizards
  A polar bear simulacrum (IceCv)
  A wolf simulacrum (IceCv)
  11 gnolls
  12 adders
  2 shadow imps
  3 white imps
  8 worms
  A dart slug (D:4)
  67 orcs
  6 endoplasms
  3 giant cockroaches
  12 goblins
  9 hobgoblins
  2 jackals (D:1)
  8 quokkas
  4 ball pythons
  4 bats
  6 frilled lizards
  21 kobolds
  10 rats
  A spectral goblin (D:1)
  2 bushes (Lair:2)
  4 tentacles (Shoals:4)
821 creatures vanquished.

Vanquished Creatures (collateral kills)
  Saint Roka (Orc:2)
  Bai Suzhen (Shoals:3)
  Arachne (Spider:2)
  Mlioglotl (Spider:1)
  A kraken (Shoals:1)
  Ilsuiw (Shoals:3)
  3 orc warlords
  A slime creature (D:14)
  2 merfolk javelineers (Shoals:3)
  3 merfolk impalers
  A rakshasa (D:15)
  4 vault guards (D:14)
  A jorogumo (Spider:1)
  A radroach (Spider:1)
  A merfolk avatar (Shoals:1)
  4 two-headed ogres
  A boulder beetle (D:14)
  A centaur warrior (D:13)
  A tengu warrior (D:13)
  An orc high priest (Orc:2)
  3 pharaoh ants
  Lodul (D:14)
  7 sea snakes
  A skeletal warrior (D:14)
  A steelbarb worm (Spider:3)
  An orb spider (Spider:3)
  A wizard (D:12)
  4 orc knights
  2 orc sorcerers (Orc:2)
  3 wolf spiders
  5 cyclopes
  3 fauns
  10 ugly things
  8 manticores
  A moth of wrath (Spider:2)
  A water nymph (Shoals:2)
  A merfolk siren (Shoals:2)
  A torpor snail (Spider:1)
  A nameless horror (D:12)
  A demonic crawler (Spider:1)
  A tengu conjurer (D:13)
  2 trolls
  A wind drake (Shoals:2)
  17 merfolk
  12 tarantellas
  A dream sheep (Shoals:2)
  3 snapping turtles
  8 jumping spiders
  5 culicivoras
  3 water elementals
  2 shadows (D:12)
  A wraith (D:12)
  5 vampire mosquitoes
  16 redbacks
  4 wargs
  23 orc warriors
  4 ogres
  A centaur (D:14)
  8 orc priests
  5 orc wizards
  8 orcs
217 creatures vanquished.

Vanquished Creatures (others)
  An ogre mage (D:15)
  An orc priest (Orc:2)
  A bush (Lair:5)
  13 fulminant prisms
  54 fungi
  210 plants
  8 tentacles
288 creatures vanquished.

Grand Total: 1326 creatures vanquished

Notes
Turn   | Place    | Note
-------+----------+-------------------------------------------
     0 | D:1      | themarg the Draconian Conjurer began the quest for the Orb.
     0 | D:1      | Reached XP level 1. HP: 14/14 MP: 3/3
   144 | D:1      | Reached XP level 2. HP: 20/20 MP: 1/5
   556 | D:1      | Found a faded altar of an unknown god.
   644 | D:1      | Learned a level 2 spell: Searing Ray
  1056 | D:2      | Reached XP level 3. HP: 26/26 MP: 2/6
  1519 | D:2      | Noticed Natasha
  1526 | D:2      | Killed Natasha
  1527 | D:2      | Reached XP level 4. HP: 30/33 MP: 0/8
  1581 | D:2      | Noticed Natasha
  1586 | D:2      | Killed Natasha
  1741 | D:2      | Found Orphe's Armour Shop.
  1773 | D:2      | Noticed Natasha
  1779 | D:2      | Killed Natasha
  1780 | D:2      | Reached XP level 5. HP: 38/38 MP: 3/9
  2039 | D:2      | Reached skill level 5 in Conjurations
  3029 | D:3      | Found Duijeh's Assorted Antiques.
  3382 | D:3      | Bought a scroll of identify for 50 gold pieces
  3400 | D:4      | Found Rotow's Serpentskin Sales.
  3400 | D:4      | Noticed a water moccasin
  3400 | D:4      | Noticed a water moccasin
  3410 | D:4      | Killed a water moccasin
  3411 | D:4      | Reached XP level 6. HP: 2/45 MP: 0/11
  3417 | D:4      | Killed a water moccasin
  3796 | D:4      | Your scales start taking on a pale cyan-grey colour.
  3796 | D:4      | Reached XP level 7. HP: 50/50 MP: 7/13
  3796 | D:4      | Gained mutation: You are immune to the effects of steam.
                  | [Pale Draconian growth]
  4052 | D:4      | Reached skill level 1 in Translocations
  4111 | D:4      | Reached skill level 6 in Conjurations
  4164 | D:4      | Found a staircase to the Ecumenical Temple.
  4174 | Temple   | Entered the Ecumenical Temple
  4239 | Temple   | Became a worshipper of Vehumet
  4432 | D:4      | Reached skill level 1 in Hexes
  4560 | D:4      | Found a hazy altar of Hepliaklqana.
  4945 | D:5      | Entered Level 5 of the Dungeon
  5250 | D:5      | Reached skill level 5 in Spellcasting
  5579 | D:5      | Reached XP level 8. HP: 57/57 MP: 11/15
  6173 | D:5      | Reached skill level 7 in Conjurations
  6399 | D:5      | Learned a level 3 spell: Mephitic Cloud
  6404 | D:5      | Learned a level 4 spell: Fulminant Prism
  6409 | D:5      | Learned a level 4 spell: Iskenderun's Mystic Blast
  6440 | D:6      | Reached skill level 1 in Air Magic
  7137 | D:6      | Reached * piety under Vehumet
  7137 | D:6      | Offered knowledge of Kiss of Death by Vehumet.
  7138 | D:6      | Reached skill level 8 in Conjurations
  8064 | D:7      | Reached skill level 9 in Conjurations
  8064 | D:7      | Reached XP level 9. HP: 62/62 MP: 9/16
  8401 | D:7      | Got Qagenn's Witchery, Part Two
  8556 | D:7      | Reached skill level 10 in Conjurations
  8564 | D:7      | Reached skill level 1 in Fighting
  8959 | D:8      | Noticed Maurice
  8962 | D:8      | Found an iron altar of Okawaru.
  9132 | D:8      | Reached ** piety under Vehumet
  9132 | D:8      | Offered knowledge of Shock by Vehumet.
  9394 | D:8      | Killed Maurice
  9622 | D:8      | Reached skill level 5 in Fighting
  9630 | D:8      | Found a flagged portal.
  9640 | Bailey   | Entered a bailey
  9730 | Bailey   | Found a large runed translucent door.
  9730 | Bailey   | Found a large runed translucent door.
  9743 | Bailey   | Noticed a deep elf pyromancer
  9812 | Bailey   | Noticed an orc knight
  9846 | Bailey   | Reached XP level 10. HP: 43/81 MP: 5/17
  9993 | Bailey   | Killed an orc knight
  9994 | Bailey   | Reached skill level 5 in Dodging
 10317 | Bailey   | Killed a deep elf pyromancer
 10326 | Bailey   | Identified the +0 leather armour of Avant Garde the Leaf
                  | {Will++ Int+2}
 10330 | Bailey   | Got Mara's Commentary on the Gathering
 10396 | Bailey   | Identified the +1 robe of the Spheres {rF++}
 10704 | D:8      | Found a white marble altar of Elyvilon.
 11038 | D:9      | Offered knowledge of Inner Flame by Vehumet.
 11039 | D:9      | Paralysed by a hornet for 2 turns
 11044 | D:9      | Paralysed by a hornet for 3 turns
 11183 | D:9      | Found a staircase to the Orcish Mines.
 11201 | D:9      | Reached *** piety under Vehumet
 11215 | D:9      | Reached skill level 11 in Conjurations
 11635 | D:9      | Offered knowledge of Flame Wave by Vehumet.
 11655 | D:9      | Learned a level 4 spell: Flame Wave
 11879 | D:9      | Reached skill level 1 in Fire Magic
 12081 | D:9      | Reached XP level 11. HP: 97/97 MP: 9/18
 12239 | D:9      | Found a sacrificial altar of Ru.
 12422 | D:9      | Found a basalt altar of Yredelemnul.
 12422 | D:9      | Found an opulent altar of Gozag.
 12692 | D:10     | Entered Level 10 of the Dungeon
 12699 | D:10     | Reached **** piety under Vehumet
 12826 | D:10     | Noticed Grum
 12829 | D:10     | Offered knowledge of Frozen Ramparts by Vehumet.
 12834 | D:10     | Killed Grum
 13032 | D:10     | Identified the +9 chain mail of the Lachrymose Slorg
                  | {+Blink Str+3}
 13067 | D:10     | Gained mutation: You sometimes lose your temper in combat.
                  | [a neqoxec]
 13070 | D:10     | Gained mutation: Your magical capacity is low. (-10% MP) [a
                  | neqoxec]
 13080 | D:10     | Noticed a soul eater
 13473 | D:10     | Reached skill level 10 in Fighting
 14030 | D:11     | Found a frozen archway.
 14033 | D:11     | Found a staircase to the Lair.
 14477 | D:11     | Found Laibuek's Magic Scroll Shoppe.
 14487 | D:11     | Bought a scroll of teleportation for 45 gold pieces
 14487 | D:11     | Bought a scroll of teleportation for 45 gold pieces
 14487 | D:11     | Bought a scroll of identify for 30 gold pieces
 14487 | D:11     | Bought a scroll of identify for 30 gold pieces
 14487 | D:11     | Bought a scroll of enchant armour for 112 gold pieces
 14487 | D:11     | Bought a scroll of identify for 30 gold pieces
 14609 | IceCv    | Entered an ice cave
 15285 | D:11     | Reached skill level 12 in Conjurations
 15319 | D:11     | Reached skill level 5 in Fire Magic
 16336 | D:2      | Bought a +1 hat of see invisible for 192 gold pieces
 16589 | Lair:1   | Entered Level 1 of the Lair of Beasts
 16593 | Lair:1   | Noticed Sonja
 16599 | Lair:1   | Killed Sonja
 16753 | Lair:1   | Reached XP level 12. HP: 83/106 MP: 12/22
 17184 | Lair:1   | Noticed a seven-headed hydra
 17198 | Lair:1   | Killed a seven-headed hydra
 17370 | Lair:1   | Reached skill level 10 in Spellcasting
 17397 | Lair:1   | Noticed an eight-headed hydra
 17402 | Lair:1   | Killed an eight-headed hydra
 17917 | Lair:2   | Reached ***** piety under Vehumet
 17932 | Lair:2   | Noticed Maggie
 17949 | Lair:2   | Killed Maggie
 17949 | Lair:2   | Offered knowledge of Fireball by Vehumet.
 17956 | Lair:2   | Learned a level 5 spell: Fireball
 18110 | Lair:2   | Reached skill level 1 in Summonings
 18167 | Lair:2   | Noticed a four-headed hydra
 18171 | Lair:2   | Killed a four-headed hydra
 18222 | Lair:2   | Found a hole to the Spider Nest.
 18437 | Lair:2   | Noticed a five-headed hydra
 18478 | Lair:2   | Killed a five-headed hydra
 18884 | Lair:2   | Reached skill level 5 in Summonings
 19316 | Lair:3   | Reached XP level 13. HP: 113/113 MP: 13/24
 19375 | Lair:3   | Reached skill level 10 in Fire Magic
 20123 | Lair:3   | Found a staircase to the Shoals.
 20763 | Lair:4   | Noticed Snorg
 20775 | Lair:4   | Killed Snorg
 21596 | Lair:4   | Reached skill level 13 in Conjurations
 22225 | Lair:4   | Found a staircase to the Slime Pits.
 22399 | Lair:5   | Entered Level 5 of the Lair of Beasts
 22897 | Lair:5   | Reached XP level 14. HP: 115/121 MP: 10/25
 23185 | Lair:5   | Learned a level 7 spell: Spellforged Servitor
 23482 | Lair:5   | Offered knowledge of Yara's Violent Unravelling by Vehumet.
 23890 | Lair:5   | Lost mutation: You sometimes lose your temper in combat.
                  | [potion of mutation]
 23890 | Lair:5   | Lost mutation: Your magical capacity is low. (-10% MP)
                  | [potion of mutation]
 23890 | Lair:5   | Gained mutation: You occasionally lose the ability to drink
                  | potions when taking damage. [potion of mutation]
 23891 | Lair:5   | Lost mutation: You occasionally lose the ability to drink
                  | potions when taking damage. [potion of mutation]
 23891 | Lair:5   | Gained mutation: You are agile. (Dex +4, Str/Int -1)
                  | [potion of mutation]
 24064 | Lair:5   | Learned a level 5 spell: Yara's Violent Unravelling
 25196 | D:3      | Bought a scroll of teleportation for 75 gold pieces
 25196 | D:3      | Bought a scroll of teleportation for 75 gold pieces
 25196 | D:3      | Bought a scratched agate ring for 125 gold pieces
 25196 | D:3      | Bought a scroll of teleportation for 75 gold pieces
 26162 | D:12     | Reached skill level 14 in Conjurations
 26849 | Orc:1    | Entered Level 1 of the Orcish Mines
 26914 | Orc:2    | Entered Level 2 of the Orcish Mines
 27017 | Orc:1    | Found Duxzaker's Overcharged Wands.
 27045 | Orc:1    | Noticed an orc warlord
 27056 | Orc:1    | Killed an orc warlord
 27676 | Orc:2    | Paralysed by an ogre mage for 3 turns
 27686 | Orc:2    | Reached skill level 1 in Evocations
 27723 | Orc:2    | Noticed Saint Roka
 27810 | Orc:2    | Offered knowledge of Irradiate by Vehumet.
 28236 | Orc:2    | Killed Saint Roka
 28237 | Orc:2    | Reached XP level 15. HP: 62/126 MP: 3/30
 28565 | Orc:2    | Paralysed by an orc sorcerer for 2 turns
 28671 | Orc:2    | Reached ****** piety under Vehumet
 28843 | Orc:2    | Paralysed by an orc sorcerer for 4 turns
 28856 | Orc:2    | Noticed Azrael
 29035 | Orc:2    | Found Vicwiux's Distillery.
 29046 | Orc:2    | Noticed Urug
 29068 | Orc:2    | Killed Urug
 29391 | Orc:2    | Noticed Blork the orc
 29413 | Orc:2    | Killed Blork the orc
 29462 | Orc:2    | Found a staircase to the Elven Halls.
 29529 | Orc:2    | Found Wawarch's Antique Armour Boutique.
 29550 | Orc:2    | Found Keisev's Antique Weapon Boutique.
 29567 | Orc:2    | Found Xistruce's Jewellery Boutique.
 29582 | Orc:2    | Found Peohasm's General Store.
 29590 | Orc:2    | Bought a potion of heal wounds for 75 gold pieces
 29606 | Orc:2    | Bought a pitted dire flail for 288 gold pieces
 29606 | Orc:2    | Identified the +10 dire flail of the Coin {vorpal, rF++
                  | Int-4 Dex+2} (You bought it in a shop on level 2 of the
                  | Orcish Mines)
 29659 | Orc:2    | Bought a scroll of fog for 60 gold pieces
 29659 | Orc:2    | Bought a scroll of enchant armour for 112 gold pieces
 29694 | Orc:2    | Bought a potion of brilliance for 48 gold pieces
 29694 | Orc:2    | Bought a potion of haste for 120 gold pieces
 29694 | Orc:2    | Bought a potion of curing for 36 gold pieces
 29694 | Orc:2    | Bought a potion of haste for 120 gold pieces
 29694 | Orc:2    | Bought a potion of flight for 36 gold pieces
 30261 | D:13     | Offered knowledge of Ozocubu's Refrigeration by Vehumet.
 30543 | D:13     | Reached skill level 5 in Translocations
 31269 | D:14     | Reached skill level 5 in Air Magic
 31430 | D:14     | Reached skill level 5 in Evocations
 31676 | D:14     | Noticed Lodul
 31680 | D:14     | Killed Lodul
 31734 | D:14     | Found a gate to the Vaults.
 31756 | D:14     | Reached skill level 1 in Shields
 32450 | D:14     | Identified the +8 lajatang of Befaqor {venom, *Corrode
                  | rPois Dex+4}
 32453 | D:14     | Identified the amulet "Soak" {Faith Fly rC+++ Regen+ Dex-3}
 32624 | D:15     | Entered Level 15 of the Dungeon
 32670 | D:15     | Offered knowledge of Conjure Ball Lightning by Vehumet.
 32999 | D:15     | Found a stormy altar of Qazlal.
 33014 | D:15     | Reached skill level 15 in Conjurations
 33293 | D:15     | Reached XP level 16. HP: 81/134 MP: 14/32
 33877 | Shoals:1 | Entered Level 1 of the Shoals
 34330 | Shoals:1 | Reached skill level 10 in Dodging
 34459 | Shoals:1 | Identified a scroll of acquirement
 34461 | Shoals:1 | Acquired a staff of fire
 35259 | Shoals:1 | Noticed a kraken
 35264 | Shoals:1 | Killed a kraken
 35444 | Shoals:2 | Offered knowledge of Orb of Destruction by Vehumet.
 36194 | Shoals:3 | Noticed Polyphemus
 36207 | Shoals:2 | Killed Polyphemus
 36327 | Shoals:3 | Noticed Ilsuiw
 36327 | Shoals:3 | Noticed Bai Suzhen
 36349 | Shoals:3 | Reached skill level 5 in Shields
 36510 | Shoals:3 | Reached skill level 10 in Evocations
 36894 | Shoals:3 | Killed Ilsuiw
 37176 | Shoals:3 | Killed Bai Suzhen
 37177 | Shoals:3 | Reached XP level 17. HP: 134/140 MP: 3/34
 37399 | Shoals:3 | Noticed a kraken
 37874 | Shoals:4 | Entered Level 4 of the Shoals
 37880 | Shoals:4 | Reached skill level 1 in Polearms
 37988 | Shoals:4 | Noticed a kraken
 38589 | Spider:1 | Entered Level 1 of the Spider Nest
 38756 | Spider:1 | Identified Roxanne's Parchment of Minerals
 38756 | Spider:1 | Noticed Roxanne
 38911 | Spider:1 | Offered knowledge of Eringya's Noxious Bog by Vehumet.
 39371 | Spider:1 | Noticed Mlioglotl
 39377 | Spider:1 | Killed Mlioglotl
 39704 | Spider:1 | Reached skill level 5 in Polearms
 40002 | Spider:1 | Killed Roxanne
 40295 | Spider:2 | Noticed Agnes
 40301 | Spider:2 | Killed Agnes
 40671 | Spider:2 | Reached skill level 1 in Earth Magic
 40672 | Spider:2 | Reached skill level 1 in Transmutations
 41087 | Spider:2 | Noticed Arachne
 41205 | Spider:2 | Killed Arachne
 42478 | Spider:3 | Offered knowledge of Lehudib's Crystal Spear by Vehumet.
 42478 | Spider:3 | Offered knowledge of Fire Storm by Vehumet.
 42478 | Spider:3 | Offered knowledge of Chain Lightning by Vehumet.
 42702 | Spider:3 | Identified the +1 robe "Riviofe" {rElec Int+3}
 43168 | Spider:3 | Upgraded the game from 0.30-a0-365-ge7f957f1db to
                  | 0.30-a0-368-g86fb4627a9
 43177 | Spider:3 | Learned a level 8 spell: Lehudib's Crystal Spear
 43351 | Shoals:4 | Killed a kraken
 43892 | Shoals:4 | Annihilated by an alligator snapping turtle

Illustrated notes

Levels and vault maps discovered:
D:1:      elethiomel_arrival_shortcut, layout_rooms,
          dreamdust_ecumenical_altar_drowned_temple, minmay_octomino_e4
D:2:      layout_rooms, serial_shops, shop, grunt_decor_cap, grunt_ministairs_2,
          kennysheep_cross_bottleneck, uniq_natasha
D:3:      layout_loops_corners, serial_shops, shop
D:4:      layout_loops_ring, lemuel_tele_altar, minmay_temple_entry_ruins,
          minmay_door_square, guppyfry_shop_venom
D:5:      layout_basic, nicolae_concentric_dashed_squares_mild
D:6:      layout_loops_ring, chequers_serial_rivers_micro_a
D:7:      layout_loops_cross, minmay_manual_monstrance
D:8:      layout_loops_ring, mainiacjoe_overflow_chevrons,
          mainiacjoe_overflow_alcove_4, enter_bailey_3, uniq_maurice
D:9:      layout_loops_ring, nicolae_ru_awakened_eye,
          mainiacjoe_overflow_divided_tiny,
          kennysheep_orc_monster_closet_entryway
D:10:     layout_roguey, kennysheep_boxes, uniq_grum
D:11:     layout_stronghold, lair_entry_dummy, serial_shops, shop, serial_ice,
          serial_ice_b, serial_ice_h, serial_ice_g, serial_ice_m,
          portal_ice_cave_entry_pillars_1
D:12:     layout_stronghold, nzn_random_ring
D:13:     layout_loops_corners, kennysheep_generic_room_2
D:14:     layout_stronghold, erik_vaults_2, serial_bayou_pond_d, laboratory,
          uniq_lodul
D:15:     gammafunk_enter_depths_forms, layout_rooms,
          nicolae_qazlal_scattered_showers
Temple:   kb_temple_of_zot
Lair:1:   cheibrodos_lair_river_kwai, layout_regular_city, minivault_26,
          uniq_sonja
Lair:2:   layout_cave_pods, nicolae_spider_entry_non_spiders, minmay_hedge_maze,
          beast_lair_carwin_4, lemuel_fruit_tree, grunt_megastairs_2,
          infiniplex_staircase_pool_2, uniq_maggie
Lair:3:   layout_regular_city, elwin_shoals_entry_rooms
Lair:4:   layout_roguey, dpeg_slime_entry_corner, hangedman_lair_unloving_vines,
          uniq_snorg
Lair:5:   gammafunk_lair_ancient_temple, layout_layer_cave,
          nicolae_lair_run_with_the_wolves
Shoals:1: layout_shoals, dpeg_stationary_puzzle
Shoals:2: layout_shoals
Shoals:3: nicolae_shoals_island_circles, layout_shoals,
          nicolae_shoals_hunting_party, uniq_ilsuiw, uniq_polyphemus,
          uniq_bai_suzhen
Shoals:4: shoals_end_hellmonk_lost_city
Spider:1: layout_cave_pods, hangedman_spider_mandibles, uniq_mlioglotl,
          uniq_roxanne
Spider:2: layout_chambers, uniq_arachne, uniq_agnes
Spider:3: layout_spider_delve, hangedman_spider_tarantella_strand
Orc:1:    orc_temple, layout_diamond_mine, nicolae_shop_overcharged_wands
Orc:2:    grunt_orc_cross, layout_caves, serial_shops, shop, uniq_saint_roka,
          uniq_azrael

Skill      XL: |  1  2  3  4  5  6  7  8  9 10 11 12 13 14 15 16 17 |
---------------+----------------------------------------------------+-----
Stealth        | 2 3 4 |  4.3
Spellcasting   | 3 4 5 8 10 11 12 13 14 | 14.1
Conjurations   | 5 6 9 10 11 12 13 14 15 | 15.0
Translocations | 2 3 4 5 |  5.0
Hexes          | 2 3 4 |  4.2
Air Magic      | 3 5 8 9 |  9.2
Dodging        | 4 5 7 8 9 10 | 10.0
Fighting       | 5 9 10 | 10.0
Fire Magic     | 1 5 9 12 13 | 13.1
Summonings     | 5 7 |  7.0
Evocations     | 1 7 10 11 | 11.0
Shields        | 2 5 |  5.0
Polearms       | 8 |  8.9
Earth Magic    | 3 |  3.6
Transmutations | 3 |  3.4

Action                   |  1- 3 |  4- 6 |  7- 9 | 10-12 | 13-15 | 16-18 || total
-------------------------+-------+-------+-------+-------+-------+-------++-------
Melee: Mace              |       |     3 |     8 |    29 |       |       ||    40
       Punch             |       |       |     4 |     5 |     4 |       ||    13
       Short sword       |       |       |    64 |   181 |   157 |    15 ||   417
       Tailslap          |       |       |     8 |    35 |    34 |    11 ||    88
       Dire flail        |       |       |       |       |     6 |       ||     6
       Staff             |       |       |       |       |       |    10 ||    10
       Spear             |       |       |       |       |       |    56 ||    56
 Cast: Magic Dart        |    62 |    40 |    59 |    38 |    19 |    16 ||   234
       Searing Ray       |     6 |    20 |    82 |    96 |    62 |     6 ||   272
       Iskenderun's Myst |       |       |    11 |    96 |   197 |   120 ||   424
       Mephitic Cloud    |       |       |     9 |    38 |    91 |    85 ||   223
       Fulminant Prism   |       |       |       |    11 |     2 |       ||    13
       Flame Wave        |       |       |       |    11 |    11 |       ||    22
       Fireball          |       |       |       |    18 |   155 |   167 ||   340
       Spellforged Servi |       |       |       |       |    62 |    79 ||   141
       Yara's Violent Un |       |       |       |       |    16 |    15 ||    31
 Abil: Breathe Steam     |       |       |       |       |     5 |     7 ||    12
Evoke: Wand              |       |       |       |    19 |     4 |    10 ||    33
       Box of beasts     |       |       |       |       |       |     2 ||     2
       Condenser vane    |       |       |       |       |       |     1 ||     1
  Use: Scroll            |       |     6 |     5 |    11 |    10 |     7 ||    39
       Potion            |       |     5 |       |     1 |     5 |     2 ||    13
 Stab: Confused          |       |       |     2 |     3 |     2 |     1 ||     8
       Paralysed         |       |       |       |     5 |       |       ||     5
       Sleeping          |       |       |       |     3 |       |       ||     3
       Distracted        |       |       |       |       |       |     2 ||     2
Armor: Skin              |       |    13 |    30 |   120 |    98 |    55 ||   316
Dodge: Dodged            |       |    27 |    72 |   228 |   206 |   109 ||   642
Block: Buckler           |       |       |       |       |     1 |    45 ||    46

Table legend: (Time is in decaauts)
 A = Elapsed time spent in this place.
 B = Non-inter-level travel time spent in this place.
 C = Inter-level travel time spent in this place.
 D = Time resting spent in this place.
 E = Time spent auto-exploring this place.
 F = Levels seen in this place.
 G = Mean time per level.
                   A        B        C        D        E       F      G
               +--------+--------+--------+--------+--------+-----+--------+
         Total |  44432 |  41120 |   3312 |  11830 |  20909 |  32 | 1388.5 |
       Dungeon |  21239 |  19374 |   1865 |   4005 |  12159 |  15 | 1415.9 |
        Temple |     94 |     66 |     28 |      0 |     54 |   1 |   94.0 |
          Lair |   8826 |   8306 |    520 |   2420 |   4403 |   5 | 1765.2 |
        Shoals |   5453 |   4895 |    558 |   2433 |   1420 |   4 | 1363.2 |
   Spider Nest |   4644 |   4420 |    224 |    990 |   2480 |   3 | 1548.0 |
  Orcish Mines |   2945 |   2830 |    115 |   1128 |    367 |   2 | 1472.5 |
        Bailey |    809 |    809 |      0 |    536 |     25 |   1 |  809.0 |
      Ice Cave |    418 |    418 |      0 |    318 |      0 |   1 |  418.0 |
               +--------+--------+--------+--------+--------+-----+--------+

Top non-repeatable levels by time:
Shoals:3: 2557 daAuts
  Lair:4: 2295 daAuts
  Lair:5: 2031 daAuts
Spider:1: 1951 daAuts
Spider:2: 1872 daAuts
    D:11: 1835 daAuts
    D:14: 1734 daAuts
  Lair:3: 1706 daAuts
     D:9: 1665 daAuts
   Orc:1: 1623 daAuts
     D:6: 1619 daAuts
     D:5: 1573 daAuts
     D:8: 1546 daAuts
    D:10: 1520 daAuts
Shoals:1: 1489 daAuts
